 Dungeon Crawl Stone Soup version 0.28-a0-60-g54b5640690 (webtiles) character file.

Game seed: 15962221057144631118

65 emm the Chopper (level 3, 0/27 HPs)
             Began as a Demonspawn Gladiator on July 31, 2021.
             Was a Follower of Cheibriados.
             Slain by a water moccasin zombie (5 damage)
             ... on level 5 of the Dungeon.
             The game lasted 00:01:34 (1370 turns).

emm the Chopper (Demonspawn Gladiator)              Turns: 1370, Time: 00:01:34

Health: 0/27       AC:  4    Str: 17    XL:     3   Next: 94%
Magic:  3/3        EV: 13    Int: 12    God:    Cheibriados [*.....]
Gold:   92         SH:  4    Dex: 18    Spells: 2/2 levels left

rFire   . . .      SeeInvis .   a - +0 war axe
rCold   . . .      Faith    .   (no shield)
rNeg    . . .      Spirit   .   b - +0 leather armour
rPois   .          Reflect  .   c - +0 helmet
rElec   .          Harm     .   (no cloak)
rCorr   .          Rampage  .   (no gloves)
Will    .....                   (no boots)
Stlth   +.........              (no amulet)
HPRegen 0.09/turn               (no ring)
MPRegen 0.08/turn               (no ring)

@: very slow
A: hooves 1, condensation shield
a: Renounce Religion, Bend Time


You were on level 5 of the Dungeon.
You worshipped Cheibriados.
Cheibriados was aware of your devotion.
You visited 1 branch of the dungeon, and saw 4 of its levels.

You collected 92 gold pieces.

Inventory:

Hand Weapons
 a - a +0 war axe (weapon)
Missiles
 d - 3 throwing nets (quivered)
Armour
 b - a +0 leather armour (worn)
 c - a +0 helmet (worn)
Potions
 e - a potion of curing {unknown}


   Skills:
 + Level 2.2 Fighting
 + Level 3.7 Axes
 + Level 1.7 Throwing
 + Level 1.1 Armour
 + Level 3.0 Dodging
 + Level 0.3 Stealth
 + Level 0.1 Shields


You had 2 spell levels left.
You didn't know any spells.
Your spell library was empty.

Dungeon Overview and Level Annotations

Branches:
Dungeon (5/15)
 Temple: D:4-7

Altars:
Cheibriados


Innate Abilities, Weirdness & Mutations

You have large cloven feet.
A meltable shield of frost defends you. (SH +4)


Message History

Cheibriados thoroughly appreciates the change of pace.
Cheibriados raises the support of your attributes as your movement slows.
Your Armour skill increases to level 1!
Your Dodging skill increases to level 3!
You see here a hound corpse.
There is a stone staircase leading up here.
Unknown command.
You open the door.
There is an open door here.
A gnoll shaman comes into view. It is wielding a +0 club.
There is an open door here.
The gnoll shaman shouts!
You hear a shout!
A gnoll comes into view. It is wielding a +0 whip.
A gnoll comes into view. It is wielding a +1 whip of venom.
The gnoll shouts! x2; You hear a shout!
A water moccasin zombie comes into view.
A gnoll comes into view. It is wielding a +0 spear.
The gnoll shaman misses you.
Found a book of Blood.
You closely miss the gnoll shaman. You kick the gnoll shaman.
The gnoll shaman is lightly wounded.
The gnoll shaman hits you with a +0 club.
* * * LOW HITPOINT WARNING * * *
You hit the gnoll shaman but do no damage.
You kick the gnoll shaman.
The gnoll shaman is heavily wounded.
You barely miss the gnoll. You slash the gnoll!
A gnoll comes into view. It is wielding a +0 flail.
The gnoll shaman barely misses you. The gnoll misses you.
The gnoll barely misses you.
The gnoll shouts!
You hit the gnoll shaman. You kick the gnoll shaman.
The gnoll shaman is almost dead.
You hit the water moccasin zombie. You hit the gnoll.
You kill the gnoll!
Cheibriados appreciates the change of pace.
You barely miss the gnoll.
You hear a shout!
The water moccasin zombie bites you.
You die...

...: ... g.#### #
#....# .#
#....##.#
#..g....# #.Zgg.#
#.)@..#
...##.....#####
...............
...####'#.#####
.. #.#.# # #.#.#
#.#.# #.#.#
#######'#.#######


You could see a gnoll shaman, 3 gnolls and a water moccasin zombie.

Vanquished Creatures
  A hound (D:5)
  A gnoll (D:5)
  An adder (D:2)
  A dart slug (D:1)
  6 endoplasms (D:1)
  A giant cockroach (D:1)
  A hobgoblin (D:1)
  4 quokkas
  A ball python (D:1)
  A bat (D:1)
  A goblin (D:1)
  A jackal skeleton (D:4)
  A kobold (D:1)
  3 rats (D:1)
24 creatures vanquished.

Notes
Turn   | Place    | Note
-------+----------+-------------------------------------------
     0 | D:1      | emm the Demonspawn Gladiator began the quest for the Orb.
     0 | D:1      | Reached XP level 1. HP: 16/16 MP: 1/1
   370 | D:1      | Gained mutation: A meltable shield of frost defends you.
                  | (SH +4) [demonic ancestry]
   370 | D:1      | Reached XP level 2. HP: 14/22 MP: 2/2
   927 | D:1      | Found a faded altar of an unknown god.
   950 | D:1      | Became a worshipper of Cheibriados the Contemplative
   950 | D:1      | Reached * piety under Cheibriados
  1268 | D:2      | Gained mutation: You have large cloven feet. [demonic
                  | ancestry]
  1268 | D:2      | Reached XP level 3. HP: 27/27 MP: 3/3
  1273 | D:2      | You fall into a shaft and drop 2 floors!
  1297 | D:4      | Identified the +5 dagger "Beastslayer" {holy, Int-2 Dex+10}
  1318 | D:5      | Entered Level 5 of the Dungeon
  1340 | D:5      | Reached skill level 1 in Armour
  1370 | D:5      | Slain by a water moccasin zombie

Illustrated notes

Levels and vault maps discovered:
D:1:      lemuel_arrival_hallway, layout_basic,
          shapermc_ecumenical_altar_mp_highgroup, minmay_misc_feat_square,
          minmay_door_square
D:2:      layout_basic, serial_shops, nicolae_shop_crystal,
          uniq_crazy_yiuf_cottage
D:4:      layout_loops_ring, mainiacjoe_overflow_paths, temple_green,
          cheibrodos_sewer_entry_bend, uniq_edmund, uniq_pikel, uniq_eustachio
D:5:      layout_basic, nicolae_overflow_hidden_temple, minmay_misc_feat_plants

Skill      XL: |  1  2  3 |
---------------+----------+-----
Axes           | 3 |  3.7
Armour         | 1 |  1.1
Dodging        | 3 |  3.0
Fighting       | |  2.2
Throwing       | |  1.7
Stealth        | |  0.3
Shields        | |  0.1

Action                   || total
-------------------------++-------
Melee: War axe           ||    67
       Kick              ||     7
  Use: Potion            ||     2
 Stab: Sleeping          ||     1
Armor: Leather armour    ||    21
Dodge: Dodged            ||    55
Block: Other             ||    11

Table legend: (Time is in decaauts)
 A = Elapsed time spent in this place.
 B = Non-inter-level travel time spent in this place.
 C = Inter-level travel time spent in this place.
 D = Time resting spent in this place.
 E = Time spent auto-exploring this place.
 F = Levels seen in this place.
 G = Mean time per level.
                   A        B        C        D        E       F      G
               +--------+--------+--------+--------+--------+-----+--------+
         Total |   1500 |   1462 |     38 |      0 |   1168 |   4 |  375.0 |
       Dungeon |   1500 |   1462 |     38 |      0 |   1168 |   4 |  375.0 |
               +--------+--------+--------+--------+--------+-----+--------+

Top non-repeatable levels by time:
     D:1: 1351 daAuts
     D:5: 70 daAuts
     D:4: 61 daAuts
     D:2: 16 daAuts
